 Dungeon Crawl Stone Soup version 0.29.1-12-g30fa7ad0bf (webtiles) character file.

Game seed: 6061829832897892137

57 wormed the Cutter (level 4, -5/29 HPs)
             Began as a Kobold Monk on Dec 22, 2022.
             Slain by a gnoll
             ... wielding a +0 spear
              (10 damage)
             ... on level 2 of the Dungeon.
             The game lasted 00:01:37 (1191 turns).

wormed the Cutter (Kobold Monk)                     Turns: 1191, Time: 00:01:38

Health: -5/29      AC:  2    Str:  8    XL:     4   Next: 18%
Magic:  4/4        EV: 16    Int: 11    God:
Gold:   41         SH:  0    Dex: 19    Spells: 3/3 levels left

rFire   . . .      SeeInvis .   f - +2 dagger (venom)
rCold   . . .      Faith    .   (no shield)
rNeg    . . .      Spirit   .   b - +0 robe
rPois   .          Reflect  .   (no helmet)
rElec   .          Harm     .   (no cloak)
rCorr   .          Rampage  .   (no gloves)
Will    .....                   (no boots)
Stlth   ++++......              (no amulet)
HPRegen 0.09/turn               (no ring)
MPRegen 0.09/turn               (no ring)

@: no status effects
A: small, no large weapons, nightstalker 3
a: no special abilities


You were on level 2 of the Dungeon.
You visited 1 branch of the dungeon, and saw 2 of its levels.

You collected 41 gold pieces.

Inventory:

Hand Weapons
 f - a +2 dagger of venom (weapon)
Armour
 b - a +0 robe (worn)
Scrolls
 e - a scroll of teleportation
 g - a scroll of immolation {unknown}
 i - a scroll of identify {unknown}
 j - a scroll of vulnerability {unknown}
Potions
 a - a potion of mutation {unknown}
 c - a potion of ambrosia
 d - a potion of attraction {unknown}
 h - a potion of brilliance {unknown}


   Skills:
 + Level 3.8 Fighting
 + Level 4.6 Short Blades
 + Level 4.2 Dodging
 + Level 3.8 Stealth


You had 3 spell levels left.
You didn't know any spells.
Your spell library was empty.

Dungeon Overview and Level Annotations

Branches:
Dungeon (2/15)

Altars:


Innate Abilities, Weirdness & Mutations

You are small and have problems with some larger weapons.
You are completely attuned to the shadows.


Message History

You barely miss the giant cockroach.
The giant cockroach is almost dead.
The giant cockroach barely misses you.
You hit the giant cockroach.
You kill the giant cockroach!
You hit the gnoll but do no damage.
The gnoll is poisoned.
The gnoll misses you. x2
You barely miss the gnoll.
The gnoll is moderately wounded.
The gnoll hits you with a +0 club. The gnoll barely misses you.
You hit the gnoll.
The gnoll looks as sick as possible!
The gnoll is moderately wounded.
The gnoll barely misses you. The gnoll closely misses you.
You barely miss the gnoll.
The gnoll is moderately wounded.
You hit the gnoll.
The gnoll looks as sick as possible!
The gnoll is heavily wounded.
The gnoll misses you.
The gnoll hits you from afar with a +0 spear.
You closely miss the gnoll.
The gnoll is almost dead.
You kill the gnoll!
The gnoll hits you from afar with a +0 spear.
You have reached level 4!
The gnoll hits you with a +0 spear!
* * * LOW HITPOINT WARNING * * *
Items here: )) †††.
You hit the gnoll.
The gnoll is moderately wounded.
The gnoll hits you with a +0 spear.
* * * LOW HITPOINT WARNING * * *
You barely miss the gnoll.
The gnoll is moderately wounded.
You hit the gnoll.
The gnoll is poisoned.
The gnoll is moderately wounded.
The gnoll barely misses you.
You hit the gnoll but do no damage.
The gnoll looks as sick as possible!
The gnoll is moderately wounded.
The gnoll hits you with a +0 spear!
You die...

### #<# #.#
#.# #.....
#.# #.....
#.# #..$..
##.#####.....
#.....@g.[...
########.....
......
##.....
######


You could see a gnoll (extremely poisoned).

Vanquished Creatures
  2 gnolls (D:2)
  A dart slug (D:1)
  3 endoplasms (D:1)
  2 giant cockroaches
  4 goblins (D:1)
  5 hobgoblins (D:1)
  4 jackals (D:1)
  A quokka (D:1)
  A ball python (D:1)
  5 bats (D:1)
  2 frilled lizards (D:1)
  2 rats (D:1)
32 creatures vanquished.

Notes
Turn   | Place    | Note
-------+----------+-------------------------------------------
     0 | D:1      | wormed the Kobold Monk began the quest for the Orb.
     0 | D:1      | Reached XP level 1. HP: 14/14 MP: 1/1
   134 | D:1      | Reached XP level 2. HP: 19/19 MP: 2/2
   618 | D:1      | Reached XP level 3. HP: 19/23 MP: 3/3
  1187 | D:2      | Reached XP level 4. HP: 18/29 MP: 4/4
  1191 | D:2      | Slain by a gnoll

Illustrated notes

Levels and vault maps discovered:
D:1:      lightli_arrival_windingriver, layout_loops_ring,
          hangedman_decor_opposing, minmay_cut_off
D:2:      minmay_spotlight, layout_basic, ebering_ecumenical_altar_sacrificial

Skill      XL: |  1  2 |
---------------+-------+-----
Stealth        | 3 |  3.8
Dodging        | 4 |  4.2
Fighting       | |  3.8
Short Blades   | |  4.6

Action                   |  1- 3 |  4- 6 || total
-------------------------+-------+-------++-------
Melee: Short sword       |    34 |       ||    34
       Dagger            |    47 |     4 ||    51
  Use: Scroll            |     1 |       ||     1
 Stab: Sleeping          |    13 |       ||    13
Armor: Robe              |    15 |       ||    15
Dodge: Dodged            |    68 |     1 ||    69
